[Event "Titled Tuesday Blitz March 15 Early 2022"]
[White "Polster, Christian"]
[Black "Weishaeutel, Moritz"]
[WhiteFideId "12965081"]
[BlackFideId "12967300"]
[WhiteElo "2316"]
[BlackElo "2002"]
[Result "0-1"]
[Round "11"]
[TimeControl "180+1"]
[Date "2022.03.15"]
[WhiteClock "0:00:03"]
[BlackClock "0:01:14"]

1. e4 e5 2. Nf3 Nf6 3. Bc4 Nxe4 4. Nc3 Nc6 5. O-O Nxc3 6. dxc3 Be7 7. Qd5 O-O 8. Nxe5 Nxe5 9. Qxe5 c6 10. Bf4 d5 11. Bd3 Bf6 12. Qh5 g6 13. Qf3 Re8 14. Rfe1 Be6 15. Bc7 Qe7 16. Bd6 Qd8 17. Bc7 Qxc7 18. Qxf6 Qe7 19. Qxe7 Rxe7 20. c4 Rae8 21. cxd5 Bxd5 22. Rxe7 Rxe7 23. f3 b5 24. b4 f5 25. Kf2 Kf7 26. a4 a6 27. a5 c5 28. c3 cxb4 29. cxb4 Rc7 30. Rd1 Bb3 31. Rd2 Rc1 32. Be2 Ke7 33. Rd4 Rc2 34. Ke3 Bc4 35. Rd2 Rc3+ 36. Kd4 Rb3 37. Bxc4 Rxb4 38. Rc2 Ra4 39. Kc5 bxc4 40. Kb6 Kd6 41. Kxa6 Kc5 42. Rc3 Kb4 43. Rc1 Rxa5+ 44. Kb6 Ra2 45. g4 fxg4 46. fxg4 Rxh2 0-1


[Site "https://www.chess.com"]

[Event "Titled Tuesday Blitz March 15 Early 2022"]
[White "Popadic, Dragan"]
[Black "Milosevic, Milos"]
[WhiteFideId "913650"]
[BlackFideId "964875"]
[WhiteElo "2222"]
[BlackElo "2237"]
[Result "1-0"]
[Round "11"]
[TimeControl "180+1"]
[Date "2022.03.15"]
[WhiteClock "0:01:46"]
[BlackClock "0:00:50"]

1. e4 c5 2. Nc3 Nc6 3. f4 e6 4. Nf3 d5 5. Bb5 a6 6. Bxc6+ bxc6 7. d3 g6 8. O-O Bg7 9. Kh1 Ne7 10. Na4 Qa5 11. c4 Bd7 12. Be3 d4 13. Bd2 Qc7 14. Nxc5 O-O 15. Bb4 a5 16. Ba3 Nc8 17. Nxd7 Qxd7 18. Bxf8 Bxf8 19. Qd2 Bb4 20. Qf2 c5 21. Qh4 a4 22. f5 exf5 23. exf5 Qd6 24. Ng5 h5 25. fxg6 Qf6 26. Rxf6 1-0


[Site "https://www.chess.com"]

[Event "Titled Tuesday Blitz March 15 Early 2022"]
[White "Postny, Evgeny"]
[Black "Harikrishna, Pentala"]
[WhiteFideId "2804344"]
[BlackFideId "5007003"]
[WhiteElo "2483"]
[BlackElo "2574"]
[Result "1-0"]
[Round "11"]
[TimeControl "180+1"]
[Date "2022.03.15"]
[WhiteClock "0:00:40"]
[BlackClock "0:00:03"]

1. Nf3 Nf6 2. c4 c5 3. g3 g6 4. Bg2 Bg7 5. O-O Nc6 6. Nc3 d6 7. b3 O-O 8. Bb2 Bd7 9. e3 Qc8 10. Re1 a6 11. d4 Bg4 12. Qd3 e5 13. d5 e4 14. Nxe4 Nb4 15. Qb1 Nxe4 16. Bxg7 Bxf3 17. Bxf8 Bxg2 18. Kxg2 Ng5 19. Bxd6 Qh3+ 20. Kh1 Nf3 21. g4 Nxe1 22. Qxe1 Nc2 23. Qc3 Nxa1 24. Qxa1 Qf3+ 25. Kg1 Qxg4+ 26. Bg3 h5 27. Qf6 Re8 28. h4 Qe4 29. d6 Qd3 30. Be5 Rxe5 31. Qxe5 Kf8 32. Qh8# 1-0


[Site "https://www.chess.com"]

[Event "Titled Tuesday Blitz March 15 Early 2022"]
[White "Pourkashiyan, Atousa"]
[Black "Vlassov, Nikolai"]
[WhiteFideId "12502014"]
[BlackFideId "4103360"]
[WhiteElo "2247"]
[BlackElo "2407"]
[Result "1-0"]
[Round "11"]
[TimeControl "180+1"]
[Date "2022.03.15"]
[WhiteClock "0:00:23"]
[BlackClock "0:00:12"]

1. e4 Nc6 2. Nf3 d5 3. exd5 Qxd5 4. Nc3 Qa5 5. Bb5 Bd7 6. O-O a6 7. Bc4 Nf6 8. d4 O-O-O 9. h3 Bf5 10. Be3 e5 11. d5 Bb4 12. Bd2 Qc5 13. dxc6 Qxc4 14. cxb7+ Kxb7 15. Nxe5 Qe6 16. Qf3+ c6 17. Bf4 Nd5 18. Rfe1 Rhe8 19. Nd3 Qc8 20. Rxe8 Rxe8 21. Nxd5 Be4 22. Qg3 cxd5 23. Nxb4 Qc4 24. Qb3 Re6 25. Qxc4 dxc4 26. c3 a5 27. f3 Bg6 28. Nd5 Re2 29. b3 cxb3 30. axb3 Rb2 31. Rxa5 Rxb3 32. Ra4 Kc6 33. Ne7+ Kb5 34. Rb4+ Rxb4 35. cxb4 Bd3 36. Nd5 Kc4 37. Ne7 Kxb4 38. Nc6+ Kc5 39. Ne5 Bc2 40. Nxf7 Kd5 41. Ng5 h6 42. Ne4 g5 43. Bg3 Kd4 44. Kf2 Bd3 45. Nf6 Ba6 46. Ng4 h5 47. Ne3 h4 48. Bb8 Bc8 49. Ba7+ Ke5 50. Bb8+ Kf6 51. Ng4+ Kg6 52. Ne5+ Kf5 53. Nc6 Ba6 54. Nd4+ Kf6 55. Ne2 Bb5 56. Ba7 Ba6 57. Be3 Bb5 58. Nc3 Ba6 59. Ne4+ Kf5 60. Nxg5 Bb7 61. Ne4 Ba6 62. Nd6+ Ke6 63. Ne4 Kf5 64. Bd2 Bb7 65. Nc3 Ba8 66. Ne2 Bc6 67. Ba5 Bd7 68. Bd8 Ke5 69. Bxh4 Kf5 70. Bg3 Kg6 71. Bf4 Kf5 72. g4+ Kg6 73. Kg3 Bb5 74. Nd4 Bd3 75. h4 Kh7 76. h5 Kg7 77. g5 Bb1 78. Be5+ Kh7 79. f4 Ba2 80. Kh4 Bd5 81. Nf5 Be6 82. g6+ Kg8 83. Kg5 Kf8 84. h6 Bd7 85. h7 1-0


[Site "https://www.chess.com"]

[Event "Titled Tuesday Blitz March 15 Early 2022"]
[White "Quirke, Jeffrey"]
[Black "Bogumil, Tatiana"]
[WhiteFideId "2013029"]
[BlackFideId "4110579"]
[WhiteElo "2240"]
[BlackElo "1761"]
[Result "0-1"]
[Round "11"]
[TimeControl "180+1"]
[Date "2022.03.15"]
[WhiteClock "0:00:04"]
[BlackClock "0:01:14"]

1. c4 Nf6 2. g3 g6 3. Bg2 Bg7 4. Nc3 O-O 5. Nf3 c5 6. d4 Na6 7. O-O d6 8. b3 cxd4 9. Nxd4 Nc5 10. Bb2 Rb8 11. Qc2 a6 12. Rad1 Bd7 13. a4 Qc7 14. e3 Rfc8 15. Rc1 h6 16. Rfd1 Ne6 17. Nde2 Bc6 18. e4 Nc5 19. b4 Ne6 20. b5 Bd7 21. Nd5 Nxd5 22. exd5 Nc5 23. Bxg7 Kxg7 24. Qb2+ Kh7 25. Nd4 Nxa4 26. Qb4 Nc5 27. b6 Qd8 0-1


[Site "https://www.chess.com"]

[Event "Titled Tuesday Blitz March 15 Early 2022"]
[White "Riehle, Marco"]
[Black "Aravindh, Chithambaram VR."]
[WhiteFideId "12904392"]
[BlackFideId "5072786"]
[WhiteElo "2462"]
[BlackElo "2561"]
[Result "0-1"]
[Round "11"]
[TimeControl "180+1"]
[Date "2022.03.15"]
[WhiteClock "0:00:45"]
[BlackClock "0:00:07"]

1. e4 g6 2. d4 Bg7 3. c4 d6 4. Nc3 Nd7 5. Be3 e5 6. d5 Ne7 7. g4 h5 8. g5 f5 9. gxf6 Nxf6 10. f3 h4 11. Qd2 Nh5 12. Nge2 O-O 13. O-O-O Rxf3 14. Ng1 Rf7 15. Nh3 Rxf1 16. Rhxf1 Bxh3 17. Rg1 Kh7 18. Qf2 Ng8 19. Bg5 Qe8 20. Qxh4 Bd7 21. Ne2 b5 22. Ng3 bxc4 23. Rdf1 Rb8 24. Rf3 Nh6 25. h3 Nf4 26. Nf1 Ne2+ 27. Kb1 Nxg1 28. Rf2 c3 29. b3 Qg8 30. Bxh6 Bxh6 31. Qe7+ Kh8 32. Rg2 Rf8 33. Rxg1 Qf7 34. Qh4 Qxf1+ 35. Rxf1 Rxf1+ 36. Kc2 Rc1+ 37. Kd3 Bb5# 0-1


[Site "https://www.chess.com"]

[Event "Titled Tuesday Blitz March 15 Early 2022"]
[White "Rosen, Eric"]
[Black "Alinasab, Mobina"]
[WhiteFideId "2032562"]
[BlackFideId "12528897"]
[WhiteElo "2362"]
[BlackElo "2052"]
[Result "0-1"]
[Round "11"]
[TimeControl "180+1"]
[Date "2022.03.15"]
[WhiteClock "0:00:02"]
[BlackClock "0:01:21"]

1. d4 Nf6 2. Bf4 e6 3. e3 b6 4. Qf3 d5 5. Nc3 a6 6. O-O-O Bb7 7. g4 Nbd7 8. g5 Ne4 9. Nxe4 dxe4 10. Qg3 Rc8 11. h4 b5 12. h5 Nb6 13. Ne2 Nd5 14. Be5 c5 15. h6 Rg8 16. hxg7 Bxg7 17. Rxh7 Bxe5 18. Qxe5 Qxg5 19. Qxg5 Rxg5 20. Rh8+ Kd7 21. Rxc8 Kxc8 22. dxc5 Nf6 23. Nd4 Rxc5 24. Be2 Rg5 25. a4 bxa4 26. Kd2 e5 27. f4 exf3 28. Nxf3 Rg2 29. Nxe5 Ne4+ 30. Kd3 Nf2+ 31. Kc3 Nxd1+ 32. Bxd1 f6 33. Nd3 Bc6 34. Nc5 Bb5 35. Bf3 Rg3 36. Bb7+ Kc7 37. Kd4 Kb6 38. Bc8 Rg2 39. Bf5 Rf2 40. Be4 f5 0-1


[Site "https://www.chess.com"]

[Event "Titled Tuesday Blitz March 15 Early 2022"]
[White "Royal, Shreyas"]
[Black "Shtyka, Sergey"]
[WhiteFideId "448869"]
[BlackFideId "4138465"]
[WhiteElo "1986"]
[BlackElo "2014"]
[Result "1-0"]
[Round "11"]
[TimeControl "180+1"]
[Date "2022.03.15"]
[WhiteClock "0:01:11"]
[BlackClock "0:00:02"]

1. d4 c5 2. d5 e5 3. Nc3 d6 4. e4 Be7 5. Nge2 a6 6. Ng3 b5 7. a4 b4 8. Nb1 Bg5 9. Nd2 Bxd2+ 10. Bxd2 Nf6 11. Bc4 O-O 12. Qe2 Nbd7 13. a5 Re8 14. c3 bxc3 15. Bxc3 Nf8 16. Nh5 Nxh5 17. Qxh5 Ng6 18. O-O Nf4 19. Qf3 Qg5 20. Kh1 Rb8 21. g3 Bg4 22. Qe3 Nh3 23. f4 exf4 24. gxf4 Qh5 25. Rae1 Re7 26. Bxa6 Rbe8 27. Bd3 c4 28. Bc2 Qh4 29. Qg3 Qh5 30. Bd1 f5 31. Bxg4 fxg4 32. e5 Qg6 33. f5 Qg5 34. f6 gxf6 35. exf6 Rxe1 36. f7+ Kf8 37. fxe8=Q+ Kxe8 38. Qxe1+ Kd8 39. Rf8+ Kc7 40. Rf7+ Kc8 41. Qe8+ Qd8 42. Qc6+ Kb8 43. Qb7# 1-0


[Site "https://www.chess.com"]

[Event "Titled Tuesday Blitz March 15 Early 2022"]
[White "Rustemov, Alexander"]
[Black "Shimanov, Aleksandr"]
[WhiteFideId "4119002"]
[BlackFideId "4198603"]
[WhiteElo "2778"]
[BlackElo "2636"]
[Result "0-1"]
[Round "11"]
[TimeControl "180+1"]
[Date "2022.03.15"]
[WhiteClock "0:00:01"]
[BlackClock "0:00:09"]

1. d4 d5 2. c4 c6 3. Nc3 Nf6 4. e3 e6 5. Nf3 a6 6. b3 Bb4 7. Bd2 O-O 8. Bd3 Nbd7 9. Qc2 Qe7 10. O-O e5 11. dxe5 Nxe5 12. Nxe5 Qxe5 13. cxd5 cxd5 14. Ne2 Bd6 15. f4 Qe7 16. Nd4 Bd7 17. Rac1 Rfe8 18. Qd1 Bg4 19. Qe1 Ne4 20. Bxe4 Qxe4 21. Qg3 Bd7 22. Qf3 Rac8 23. Qxe4 dxe4 24. Kf2 Ba3 25. Rxc8 Rxc8 26. Rd1 f6 27. Ba5 Bg4 28. Rd2 Rc5 29. Bb6 Rc3 30. h3 Bd7 31. Ne2 Rd3 32. Rxd3 exd3 33. Nc3 Bc6 34. g4 Bb4 35. Bd4 Kf7 36. Ke1 Bg2 37. h4 Bh3 38. g5 Kg6 39. Kd2 Bf5 40. a3 Bxa3 41. e4 Bh3 42. Kxd3 f5 43. h5+ Kxh5 44. Bxg7 Kg6 45. Be5 fxe4+ 46. Kxe4 Be6 47. Nd5 Bf5+ 48. Kd4 Kf7 49. Nf6 Ke6 50. Ne4 Bb2+ 51. Ke3 Bxe5 52. fxe5 Kxe5 53. Nc5 Bc8 54. b4 b6 55. Ne4 Bf5 56. Nf6 Bg6 57. Ng4+ Kd5 58. Nf6+ Kc4 59. Kf4 Kxb4 60. Nd5+ Kc5 61. Ke5 a5 62. Ne7 Bb1 63. Kf6 a4 64. Kg7 a3 65. Ng8 a2 0-1


[Site "https://www.chess.com"]

[Event "Titled Tuesday Blitz March 15 Early 2022"]
[White "Samaganova, Aleksandra"]
[Black "Sarkar, Justin"]
[WhiteFideId "13800221"]
[BlackFideId "2010011"]
[WhiteElo "1859"]
[BlackElo "2038"]
[Result "1-0"]
[Round "11"]
[TimeControl "180+1"]
[Date "2022.03.15"]
[WhiteClock "0:00:03"]
[BlackClock "0:00:01"]

1. c4 d6 2. Nc3 e5 3. g3 Nc6 4. Bg2 Be6 5. d3 Qd7 6. Rb1 g6 7. b4 Bg7 8. b5 Nd8 9. h3 f5 10. Nf3 Nf6 11. Bg5 h6 12. Bxf6 Bxf6 13. Nd5 Bxd5 14. cxd5 O-O 15. Nd2 a6 16. b6 cxb6 17. Rxb6 Qc7 18. Nc4 Nf7 19. Qb3 Rab8 20. O-O e4 21. dxe4 Bd4 22. exf5 gxf5 23. e3 Bxb6 24. Nxb6 Ne5 25. f4 Nd7 26. Nc4 Rbc8 27. Nd2 Qc3 28. Qxc3 Rxc3 29. e4 Rc2 30. Nb3 fxe4 31. Bxe4 Rxa2 32. Nd4 Nc5 33. Bg6 a5 34. Rb1 Rd2 35. Ne6 Nxe6 36. dxe6 Re2 37. f5 a4 38. Rxb7 a3 39. e7 a2 40. Ra7 1-0


[Site "https://www.chess.com"]

[Event "Titled Tuesday Blitz March 15 Early 2022"]
[White "Samunenkov, Ihor"]
[Black "Nenezic, Marko"]
[WhiteFideId "14187086"]
[BlackFideId "912123"]
[WhiteElo "2409"]
[BlackElo "2457"]
[Result "1-0"]
[Round "11"]
[TimeControl "180+1"]
[Date "2022.03.15"]
[WhiteClock "0:00:02"]
[BlackClock "0:00:05"]

1. d4 Nf6 2. c4 g6 3. Nc3 Bg7 4. e4 O-O 5. h3 d6 6. Bg5 Qe8 7. Bd3 Na6 8. Nge2 e5 9. d5 Nc5 10. Bc2 a5 11. O-O Bd7 12. b3 Nh5 13. Be3 f5 14. f3 Nf4 15. exf5 Nxe2+ 16. Qxe2 gxf5 17. Rae1 Kh8 18. Kh1 b6 19. Qd2 Qh5 20. f4 Rae8 21. Ne2 Qg6 22. fxe5 dxe5 23. g4 Ne4 24. Bxe4 fxe4 25. Ng3 Rf3 26. Qg2 Ref8 27. Bg1 Bxg4 28. hxg4 Qxg4 29. Bh2 e3 30. Rxf3 Rxf3 31. Nf1 Qe4 32. Nxe3 Bh6 33. Nf1 Qxe1 34. Qxf3 e4 35. Qf6+ Kg8 36. Kg2 Qe2+ 37. Qf2 Qd3 38. Bxc7 Bg7 39. Bf4 h5 40. d6 h4 41. Qxh4 Qe2+ 42. Qf2 Qg4+ 43. Bg3 Bh6 44. Ne3 Qd7 45. Nd5 Qxd6 46. Bxd6 1-0


[Site "https://www.chess.com"]

[Event "Titled Tuesday Blitz March 15 Early 2022"]
[White "Sarana, Alexey"]
[Black "Tabatabaei, M. Amin"]
[WhiteFideId "24133795"]
[BlackFideId "12521213"]
[WhiteElo "2666"]
[BlackElo "2544"]
[Result "0-1"]
[Round "11"]
[TimeControl "180+1"]
[Date "2022.03.15"]
[WhiteClock "0:00:55"]
[BlackClock "0:00:37"]

1. d4 d5 2. c4 e6 3. Nc3 Nf6 4. cxd5 exd5 5. Bg5 c6 6. e3 Bf5 7. Qf3 Bg6 8. Bxf6 Qxf6 9. Qxf6 gxf6 10. Nge2 Nd7 11. h4 h5 12. Nf4 Bd6 13. g3 a5 14. a3 Nb6 15. Be2 Ke7 16. O-O Bxf4 17. exf4 Nc8 18. Rfe1 Kd8 19. Rad1 Nd6 20. Bd3 Bxd3 21. Rxd3 Kd7 22. f3 a4 23. Kf2 Nf5 24. Nd1 Ra5 25. Ne3 Nd6 26. f5 Rb5 27. Re2 Re8 28. g4 hxg4 29. fxg4 Ne4+ 30. Kf3 Rh8 31. Rh2 Ra5 32. Ng2 Kd6 33. Nf4 Raa8 34. Re3 Rae8 35. Nd3 b6 36. Nf2 Nd2+ 37. Ke2 Rxe3+ 38. Kxd2 Rb3 39. Nd3 c5 40. dxc5+ bxc5 41. Kc2 d4 42. h5 c4 43. Nf2 Ke5 44. h6 Rf3 45. h7 Kf4 46. Nd1 Kxg4 47. Rd2 Rf4 48. Rh2 Kxf5 49. Nf2 Kg6 50. Rg2+ Kxh7 51. Nh3 Rh4 52. Rg3 Rg8 53. Rf3 Rg2+ 54. Kb1 d3 55. Nf2 Rxf2 56. Rxf2 Kg6 57. Kc1 Rh1+ 58. Kd2 Rb1 59. Kc3 Rc1+ 60. Kb4 Rc2 61. Rf1 d2 62. Rd1 f5 63. Kc5 f4 64. Kd4 Kf5 0-1


[Site "https://www.chess.com"]

[Event "Titled Tuesday Blitz March 15 Early 2022"]
[White "Secer, Ata"]
[Black "Szpar, Milosz"]
[WhiteFideId "6303293"]
[BlackFideId "1184989"]
[WhiteElo "2282"]
[BlackElo "2447"]
[Result "0-1"]
[Round "11"]
[TimeControl "180+1"]
[Date "2022.03.15"]
[WhiteClock "0:00:31"]
[BlackClock "0:01:40"]

1. e4 c5 2. Nf3 d6 3. d4 cxd4 4. Nxd4 Nf6 5. f3 e5 6. Bb5+ Nbd7 7. Nf5 d5 8. exd5 a6 9. Bxd7+ Bxd7 10. Ne3 b5 11. O-O Bd6 12. Nc3 O-O 13. Ne4 Qb6 14. Nxf6+ gxf6 15. Qd3 f5 16. Kh1 Qd4 17. Nxf5 Qxd3 18. Nh6+ Kg7 19. cxd3 f5 20. Bd2 Rf6 21. Rac1 Rxh6 22. Bxh6+ Kxh6 23. Rc2 Rc8 24. Rxc8 Bxc8 25. Rc1 Bb7 26. Kg1 Kg5 27. Kf2 Kf6 28. Ke3 Ke7 29. a3 Kd7 30. d4 Bxd5 31. dxe5 Bxe5 32. Rc5 Ke6 33. b4 Bb7 34. f4 Bb8 35. g3 Ba7 36. Kd4 Be4 37. g4 Kd6 38. g5 a5 39. h4 Bf3 40. Ke3 Bh5 41. Kd4 a4 42. Kd3 Bxc5 43. bxc5+ Kxc5 44. Kc3 Bf7 45. Kd3 b4 46. axb4+ Kxb4 47. Kd4 a3 48. Ke5 a2 49. Kf6 Bg6 50. Kg7 a1=Q+ 51. Kh6 Qh8 52. h5 Qf8# 0-1


[Site "https://www.chess.com"]

[Event "Titled Tuesday Blitz March 15 Early 2022"]
[White "Shkapenko, Pavel"]
[Black "Agrest, Evgenij"]
[WhiteFideId "4151933"]
[BlackFideId "1705024"]
[WhiteElo "2386"]
[BlackElo "2574"]
[Result "1-0"]
[Round "11"]
[TimeControl "180+1"]
[Date "2022.03.15"]
[WhiteClock "0:00:08"]
[BlackClock "0:00:09"]

1. e4 c5 2. c3 d6 3. d4 Nf6 4. Bd3 Nc6 5. Nf3 g6 6. d5 Nb8 7. h3 Bg7 8. O-O O-O 9. Re1 Na6 10. a4 Nc7 11. Na3 b6 12. Nb5 Bd7 13. Qe2 Nfe8 14. e5 Bxb5 15. axb5 dxe5 16. Nxe5 Bxe5 17. Qxe5 Nd6 18. Bh6 f6 19. Qxe7 Qxe7 20. Rxe7 Rf7 21. Rxf7 Kxf7 22. Bf4 Ke7 23. c4 Kd7 24. h4 Nce8 25. Be3 Nf7 26. b4 cxb4 27. Bxb6 Ne5 28. Bf1 Nd6 29. c5 axb6 30. c6+ Kc7 31. Rxa8 b3 32. Ra3 b2 33. Rb3 Nec4 34. f3 f5 35. Kf2 f4 36. Bxc4 Nxc4 37. Ke2 h6 38. Kd3 Ne3 39. Rxb2 Nxd5 40. Kd4 Ne7 41. Ra2 Nf5+ 42. Ke5 Nxh4 43. Ra7+ Kc8 44. Ke6 Nf5 45. Rh7 Nd4+ 46. Kd5 Nxb5 47. c7 Nxc7+ 48. Kc6 Ne6 49. Rh8+ Nd8+ 50. Kd6 b5 51. Ke7 b4 52. Rxd8+ Kc7 53. Rd4 1-0


[Site "https://www.chess.com"]

[Event "Titled Tuesday Blitz March 15 Early 2022"]
[White "Shuvalova, Polina"]
[Black "Zhigalko, Sergei"]
[WhiteFideId "24171760"]
[BlackFideId "13502956"]
[WhiteElo "2355"]
[BlackElo "2662"]
[Result "0-1"]
[Round "11"]
[TimeControl "180+1"]
[Date "2022.03.15"]
[WhiteClock "0:00:03"]
[BlackClock "0:00:21"]

1. d4 Nf6 2. Nf3 e6 3. Bf4 d5 4. e3 Bd6 5. Bxd6 Qxd6 6. c4 O-O 7. Nc3 Nbd7 8. Rc1 c6 9. c5 Qc7 10. b4 Re8 11. Be2 e5 12. O-O e4 13. Nd2 Nf8 14. b5 h5 15. Bxh5 g6 16. Be2 Bf5 17. Rb1 Kg7 18. Qb3 Re7 19. h3 Ne6 20. b6 axb6 21. Qxb6 Qd7 22. Rfe1 Bxh3 23. f3 Rh8 24. f4 Bxg2 25. f5 Ng5 26. Kxg2 Qxf5 27. Rh1 Nh3 28. Rbf1 Qg5+ 29. Kh2 Nf4+ 0-1


[Site "https://www.chess.com"]

[Event "Titled Tuesday Blitz March 15 Early 2022"]
[White "Tasev, Dejan"]
[Black "Mekhitarian, Krikor Sevag"]
[WhiteFideId "936618"]
[BlackFideId "2107660"]
[WhiteElo "2253"]
[BlackElo "2598"]
[Result "1/2-1/2"]
[Round "11"]
[TimeControl "180+1"]
[Date "2022.03.15"]
[WhiteClock "0:00:15"]
[BlackClock "0:00:05"]

1. e4 c5 2. Nf3 g6 3. Nc3 Bg7 4. d4 cxd4 5. Nxd4 Nc6 6. Be3 Nf6 7. Bc4 O-O 8. Bb3 Re8 9. f3 e6 10. Qd2 d5 11. O-O-O dxe4 12. Nxc6 Qxd2+ 13. Rxd2 bxc6 14. fxe4 Ng4 15. Nd1 Nxe3 16. Nxe3 Bh6 17. Re1 c5 18. Bc4 Bb7 19. Bd3 c4 20. Bxc4 Bxe4 21. Kd1 Red8 22. Bd3 Bc6 23. Ke2 a5 24. g3 a4 25. a3 Rab8 26. c3 Rb7 27. Rc2 Rdb8 28. Nd1 Bd5 29. c4 Bc6 30. Kf1 Bg7 31. Be4 Bxe4 32. Rxe4 Bxb2 33. c5 Bxa3 34. Rxa4 Bb4 35. c6 Rc7 36. Rb2 Rxc6 37. Raxb4 Rxb4 38. Rxb4 Kg7 39. Ke2 h5 40. h4 Ra6 41. Ne3 Ra2+ 42. Kf3 Ra3 43. Rb7 Kf6 44. Kf2 Ra2+ 45. Kf3 Ra3 46. Rc7 Rb3 47. Ke4 Ra3 48. Kf4 Ra4+ 49. Nc4 Ra1 50. Nd6 Rf1+ 51. Ke3 Kg7 52. Ne8+ Kf8 53. Nd6 Rf6 54. Ne4 Rf5 55. Ng5 Kg8 56. Ke4 Kf8 57. Rc3 Kg7 58. Rf3 Rxf3 59. Kxf3 Kf6 60. Kf4 Ke7 61. Nf3 f6 62. Ke4 Kd6 63. Nd2 e5 64. Nc4+ Ke6 65. Nd2 Kd6 66. Nb3 Ke6 67. Nc5+ Kd6 68. Nd3 Ke6 69. Nb4 Kd6 70. Ke3 Ke6 71. Nd3 Kd5 72. Ne1 Ke6 73. Nf3 Kf5 74. Kf2 Ke4 75. Nd2+ Kd5 76. Ke3 Ke6 77. Ke4 Kd6 1/2-1/2


[Site "https://www.chess.com"]

[Event "Titled Tuesday Blitz March 15 Early 2022"]
[White "Tay, Junior"]
[Black "Gontcharov, Vladislav"]
[WhiteFideId "5800439"]
[BlackFideId "4123492"]
[WhiteElo "2216"]
[BlackElo "2503"]
[Result "0-1"]
[Round "11"]
[TimeControl "180+1"]
[Date "2022.03.15"]
[WhiteClock "0:02:17"]
[BlackClock "0:02:09"]

1. e4 e6 2. Nf3 d5 3. Nc3 Nf6 4. e5 Nfd7 5. d4 c5 6. Bg5 Qb6 7. dxc5 Bxc5 8. Qd2 h6 9. Bf4 g5 10. Bg3 Bb4 11. O-O-O Qa5 12. Kb1 Nc6 13. Qe1 b6 14. Nb5 Bxe1 15. Nc7+ Kd8 16. Nxa8 Bb4 17. c4 dxc4 18. Bxc4 Bb7 19. Rd3 Bxa8 20. Rhd1 Nb8 21. Nd4 Be4 0-1


[Site "https://www.chess.com"]

[Event "Titled Tuesday Blitz March 15 Early 2022"]
[White "Thomas, Anysia"]
[Black "Spitzl, Vinzent"]
[WhiteFideId "670472"]
[BlackFideId "12901253"]
[WhiteElo "2002"]
[BlackElo "2160"]
[Result "0-1"]
[Round "11"]
[TimeControl "180+1"]
[Date "2022.03.15"]
[WhiteClock "0:00:06"]
[BlackClock "0:01:18"]

1. d4 d5 2. c4 e6 3. Nf3 Nf6 4. g3 Be7 5. Bg2 O-O 6. O-O dxc4 7. Ne5 Nc6 8. Bxc6 bxc6 9. Nxc6 Qe8 10. Nxe7+ Qxe7 11. Qe1 e5 12. dxe5 Qxe5 13. Nc3 Bh3 14. f4 Qc5+ 15. Qf2 Qc6 16. Qf3 Qb6+ 17. Qf2 Bxf1 18. Kxf1 Qxf2+ 19. Kxf2 Rfe8 20. Kf3 Rad8 21. Be3 Nd5 22. Nxd5 Rxd5 23. Rc1 Rb5 24. Rc2 a6 25. a3 Rb3 26. Rc3 Rxb2 27. Kf2 Rb3 0-1


[Site "https://www.chess.com"]

[Event "Titled Tuesday Blitz March 15 Early 2022"]
[White "Urazayev, Arystanbek"]
[Black "Martin Carmona, Gaston Manuel"]
[WhiteFideId "13709810"]
[BlackFideId "22284567"]
[WhiteElo "2393"]
[BlackElo "2161"]
[Result "1-0"]
[Round "11"]
[TimeControl "180+1"]
[Date "2022.03.15"]
[WhiteClock "0:02:00"]
[BlackClock "0:00:28"]

1. e4 e6 2. d4 d5 3. Nc3 Bb4 4. Ne2 dxe4 5. a3 Bxc3+ 6. Nxc3 Nc6 7. d5 exd5 8. Qxd5 Be6 9. Qxe4 Nf6 10. Qa4 Qd4 11. Bb5 Qxa4 12. Bxa4 O-O-O 13. Bxc6 bxc6 14. Be3 Nd5 15. Bxa7 Nxc3 16. bxc3 Bf5 17. a4 Bxc2 18. a5 Kb7 19. Be3 Ka6 20. O-O Bd3 21. Rfc1 Bc4 22. Ra4 Bb5 23. Rf4 Rd7 24. h4 Rhd8 25. Kh2 Bd3 26. Rb4 Rd5 27. c4 Rxa5 28. Rd1 Rd7 29. Rb8 c5 30. Bd2 Be4 31. Re1 Rxd2 32. Rxe4 Raa2 33. Rg4 g6 34. h5 Rxf2 35. h6 Rf5 36. Ra8+ Kb7 37. Rxa2 Rh5+ 38. Kg3 Rxh6 39. Rf4 f5 40. Rh4 1-0


[Site "https://www.chess.com"]

[Event "Titled Tuesday Blitz March 15 Early 2022"]
[White "Van den Dikkenberg, Erik"]
[Black "Zheenbekov, Nurgazy"]
[WhiteFideId "1005880"]
[BlackFideId "13800485"]
[WhiteElo "2118"]
[BlackElo "1959"]
[Result "0-1"]
[Round "11"]
[TimeControl "180+1"]
[Date "2022.03.15"]
[WhiteClock "0:00:23"]
[BlackClock "0:01:23"]

1. e4 e5 2. Nf3 Nc6 3. d4 exd4 4. Nxd4 Bc5 5. Nb3 Bb6 6. Nc3 Nf6 7. Bd3 h6 8. Qe2 O-O 9. Be3 d5 10. exd5 Nxd5 11. Nxd5 Qxd5 12. O-O-O Bxe3+ 13. Qxe3 Qg5 14. f4 Qf6 15. g4 Bxg4 16. Rdg1 Bf5 17. Bxf5 Qxf5 18. Qg3 g6 19. h4 h5 20. a3 Rad8 21. Kb1 Rfe8 22. Qc3 Re2 23. Rd1 Rde8 24. Rhf1 R2e3 25. Qc5 Qe4 26. f5 Rxb3 27. Rfe1 Re3 28. Rxe3 Qxe3 29. Qd5 Qe4 30. Qd7 Rd8 0-1


[Site "https://www.chess.com"]

[Event "Titled Tuesday Blitz March 15 Early 2022"]
[White "Vokarev, Sergey"]
[Black "Horcajuelo Rocamora, Martin"]
[WhiteFideId "4119711"]
[BlackFideId "24573027"]
[WhiteElo "2398"]
[BlackElo "1706"]
[Result "1-0"]
[Round "11"]
[TimeControl "180+1"]
[Date "2022.03.15"]
[WhiteClock "0:00:07"]
[BlackClock "0:00:17"]

1. e4 e5 2. Nf3 Nc6 3. Bb5 Nf6 4. d3 d6 5. O-O Be7 6. c3 a6 7. Ba4 b5 8. Bc2 O-O 9. a4 Rb8 10. axb5 axb5 11. Re1 Re8 12. Nbd2 Bf8 13. Nf1 Ne7 14. Ng3 c5 15. d4 Nc6 16. h3 Qc7 17. Bg5 Nd7 18. Nf5 h6 19. Be3 Nf6 20. Ng3 Bb7 21. Bb3 Na5 22. Bc2 Nc4 23. Bc1 Nb6 24. b3 Rbc8 25. d5 g6 26. Nh2 Bg7 27. Ng4 Kh7 28. Qf3 Qe7 29. Ra7 Rc7 30. Bd2 Nc8 31. Raa1 Nb6 32. Ne3 Bc8 33. Bd3 Bd7 34. Qe2 Rb7 35. Ra6 Reb8 36. Rea1 Ne8 37. Qf3 Nc7 38. R6a2 Rf8 39. c4 b4 40. Rf1 Qf6 41. Qe2 Qe7 42. Kh2 Ne8 43. Rfa1 Nc7 44. Ra7 Rfb8 45. Rxb7 Rxb7 46. Qf3 Qf6 47. Qxf6 Bxf6 48. Ne2 Bg7 49. Ra2 Nc8 50. g3 Ne7 51. g4 Bf6 52. Kg2 Ne8 53. Kg3 Bg5 54. Nf1 Bxd2 55. Nxd2 f5 56. exf5 gxf5 57. gxf5 Nxf5+ 58. Bxf5+ Bxf5 59. f4 exf4+ 60. Nxf4 Rg7+ 61. Kf3 Nf6 62. Ra6 Rd7 63. Nf1 Ng8 64. Ne3 Bxh3 65. Nxh3 Ne7 66. Nf4 Kg7 67. Ne6+ Kf6 68. Ng4+ Kf5 69. Nxh6+ Ke5 70. Nf7+ Kf6 71. Nxd6 Ng6 72. Ne4+ Ke5 73. N6xc5 Rf7+ 74. Rf6 Rxf6+ 75. Nxf6 Kxf6 76. Nd3 Ke7 77. Ke4 Kd6 78. Nxb4 Kc5 79. Nd3+ Kd6 80. b4 Kd7 81. c5 Ne7 82. b5 Nc8 83. c6+ Kc7 84. Kd4 Nd6 85. Nc5 Ne4 86. Kxe4 Kd6 87. b6 Kxc5 88. b7 1-0


[Site "https://www.chess.com"]

[Event "Titled Tuesday Blitz March 15 Early 2022"]
[White "Winkels, Marcel"]
[Black "P., Komal Kishore"]
[WhiteFideId "1003887"]
[BlackFideId "5016703"]
[WhiteElo "1900"]
[BlackElo "2117"]
[Result "1/2-1/2"]
[Round "11"]
[TimeControl "180+1"]
[Date "2022.03.15"]
[WhiteClock "0:00:21"]
[BlackClock "0:00:13"]

1. e4 c6 2. d4 d5 3. f3 dxe4 4. fxe4 e5 5. dxe5 Qxd1+ 6. Kxd1 Nd7 7. Nf3 Ne7 8. Bf4 Ng6 9. Bg3 h5 10. h3 h4 11. Bh2 Bc5 12. Bc4 O-O 13. e6 fxe6 14. Bxe6+ Kh8 15. Bf5 Ne7 16. Nxh4 Nxf5 17. exf5 Rd8 18. Bc7 Re8 19. Re1 Rxe1+ 20. Kxe1 Nf8 21. Nd2 Be7 22. Ndf3 Bf6 23. c3 b6 24. g4 c5 25. Kf2 Bb7 26. Rd1 Rc8 27. Bf4 Rd8 28. Rxd8 Bxd8 29. g5 Kg8 30. Ne5 Bc7 31. Nhg6 Nxg6 32. Nxg6 Bxf4 33. Nxf4 Bc8 34. Ne6 g6 35. Kf3 gxf5 36. Nf4 Bb7+ 37. Ke3 Kf7 38. h4 b5 39. h5 a5 40. h6 b4 41. g6+ Kf6 42. g7 Kf7 43. Ne6 Kg8 44. Kf4 Bd5 45. Kxf5 Bxa2 46. Nxc5 Kh7 47. cxb4 Kxh6 48. Kf6 axb4 49. Ne6 Kh7 50. Kf7 Bxe6+ 51. Kxe6 Kxg7 52. Kd5 Kf6 53. Kc4 Ke5 54. Kxb4 Kd6 55. Kb5 Kc7 56. b4 Kb7 57. Kc5 Kc7 58. b5 Kb7 59. b6 Kb8 60. Kc6 Kc8 61. Kd6 Kb7 62. Kc5 Kb8 63. Kc6 Kc8 64. b7+ Kb8 65. Kb6 1/2-1/2


[Site "https://www.chess.com"]